General information
- name: BNet
- type: Ladder 1vs1/FFA
- host: Battle.net
- saver: Cthulhu_Spawn
map: GnollWood
- players: 2
- length: 31:08
- speed: Fast
- version: 1.21 W3XP
- replay type: Public
» download(73 KB)
Players
team 1 (loser)
qmax63 (
yellow | 28 APM | 882 actions | 31:04)
5 Far Seer
3 Feral Spirit
2 Chain Lighting
» actions
| Assign group hotkey | 2 | |
| Build / train | 92 | |
| Enter build submenu | 13 | |
| Enter hero's abilities submenu | 5 | |
| Remove unit from queue | 3 | |
| Right click | 219 | |
| Select / deselect | 423 | |
| Select group hotkey | 74 | |
| Use ability | 51 | |
882 total
» units
| Peon | 16 | |
| Grunt | 22 | |
| Troll Headhunter/Berserker | 38 | |
| Demolisher | 2 | |
78 total
» upgrades
| Berserker Strength | 1 | |
| Troll Regeneration | 1 | |
| Berserker Upgrade | 1 | |
3 total
» buildings
| Altar of Storms | 1 | |
| Orc Burrow | 6 | |
| Barracks | 2 | |
| Voodoo Lounge | 1 | |
| Stronghold | 1 | |
| War Mill | 1 | |
| Watch Tower | 1 | |
| Fortress | 1 | |
| Great Hall | 1 | |
15 total
» build order
00:07 Altar of Storms
00:15 Orc Burrow
00:39 Barracks
01:46 Orc Burrow
02:11 Voodoo Lounge
03:09 Stronghold
03:33 War Mill
04:22 Orc Burrow
04:57 Watch Tower
05:17 Orc Burrow
05:40 Barracks
07:42 Orc Burrow
08:42 Orc Burrow
23:35 Fortress
28:10 Great Hall
team 2 (winner)
Cthulhu_Spawn (
pink | 47 APM | 1460 actions | 31:08)
8 Blademaster
3 Wind Walk
3 Critical Strike
1 Bladestorm
1 Mirror Image
1 Tauren Chieftain
1 Shockwave
» actions
| Assign group hotkey | 4 | |
| Basic commands | 5 | |
| Build / train | 78 | |
| Enter build submenu | 20 | |
| Enter hero's abilities submenu | 9 | |
| Give item / drop item | 3 | |
| Right click | 806 | |
| Select / deselect | 424 | |
| Select group hotkey | 12 | |
| Use ability | 99 | |
1460 total
» units
| Peon | 11 | |
| Grunt | 10 | |
| Raider | 3 | |
| Wind Rider | 16 | |
40 total
» upgrades
| Ensnare | 1 | |
| Reinforced Defenses | 1 | |
2 total
» buildings
| Altar of Storms | 1 | |
| Orc Burrow | 11 | |
| Barracks | 1 | |
| Voodoo Lounge | 1 | |
| Stronghold | 1 | |
| War Mill | 1 | |
| Beastiary | 3 | |
| Fortress | 1 | |
20 total
» build order
00:06 Altar of Storms
00:24 Orc Burrow
01:04 Barracks
01:44 Orc Burrow
02:14 Voodoo Lounge
02:45 Orc Burrow
02:52 Orc Burrow
04:14 Stronghold
04:49 War Mill
07:42 Beastiary
07:49 Beastiary
08:06 Fortress
14:55 Beastiary
15:18 Orc Burrow
19:09 Orc Burrow
20:45 Orc Burrow
20:56 Orc Burrow
21:44 Orc Burrow
22:07 Orc Burrow
28:25 Orc Burrow
» items
| Boots of Speed | 1 | |
| Healing Salve | 5 | |
| Lesser Clarity Potion | 7 | |
| Staff of Teleportation | 1 | |
| Potion of Healing | 5 | |
| Orb of Lightning | 1 | |
| Scroll of Town Portal | 1 | |
| Potion of Mana | 1 | |
| Potion of Invisibility | 1 | |
23 total
Chat log
(00:26 / All) qmax63: hi
(00:28 / All) Cthulhu_Spawn: hi
(00:31 / All) Cthulhu_Spawn: i hate orc mirror
(00:34 / All) Cthulhu_Spawn: finland
(02:55 / All) qmax63: im pro
(03:01 / All) Cthulhu_Spawn: k
(03:11 / All) Cthulhu_Spawn: i should leave then
(04:29 / All) Cthulhu_Spawn: .... that was nice
(24:00 / All) Cthulhu_Spawn: just leave..
(24:04 / All) Cthulhu_Spawn: from?
(24:09 / All) qmax63: fr
(24:10 / All) qmax63: u
(24:15 / All) Cthulhu_Spawn: finland
(24:25 / All) Cthulhu_Spawn: u got weird strat
(24:37 / All) qmax63: leave
(24:41 / All) Cthulhu_Spawn: eh why?
(24:42 / All) Cthulhu_Spawn: u suck